 Dungeon Crawl Stone Soup version 0.27.1-33-g824d729ab1 (webtiles) character file.

Game seed: 14305141780304930451

100 pkoi the Ruffian (level 4, 0/30 (38) HPs)
             Began as a Draconian Monk on Dec 8, 2021.
             Slain by an orc (4 damage)
             ... on level 3 of the Dungeon.
             The game lasted 00:03:22 (3009 turns).

pkoi the Ruffian (Draconian Monk)                   Turns: 3009, Time: 00:03:23

HP:   0/30 (38)     AC:  5    Str: 14    XL:     4   Next: 46%
MP:   4/4           EV: 12    Int: 11    God:
Gold: 74            SH:  0    Dex: 13    Spells: 3/3 levels left

rFire    . . .     SeeInvis .     - Unarmed
rCold    . . .     Faith    .   (no shield)
rNeg     . . .     Spirit   .   (armour unavailable)
rPois    .         Reflect  .   (helmet restricted)
rElec    .         Harm     .   (no cloak)
rCorr    .         Rampage  .   (no gloves)
Will     .....                  (no boots)
Stlth    ++........             (no amulet)
HPRegen  0.10/turn              (no ring)
MPRegen  0.09/turn              (no ring)

@: heavily drained
A: AC +5, unfitting armour, cold-blooded
a: no special abilities


You were on level 3 of the Dungeon.
You visited 1 branch of the dungeon, and saw 4 of its levels.

You collected 74 gold pieces.

Inventory:

Missiles
 k - 12 poisoned darts (quivered)
Armour
 j - a +0 pair of gloves
Scrolls
 b - 3 scrolls of teleportation {unknown}
 d - a scroll of enchant armour {unknown}
 f - a scroll of torment {unknown}
 g - a scroll of brand weapon {unknown}
 h - 5 scrolls of identify {unknown}
 m - a scroll of noise {unknown}
 o - a scroll of holy word {unknown}
Potions
 a - 3 potions of heal wounds {unknown}
 c - 2 potions of ambrosia {unknown}
 e - a potion of degeneration {unknown}
 i - 2 potions of lignification {unknown}
 l - 2 potions of haste {unknown}
 n - a potion of curing {unknown}
 p - a potion of invisibility {unknown}


   Skills:
 - Level 3.2 Fighting
 - Level 2.6 Dodging
 - Level 1.7 Stealth
 + Level 5.3 Unarmed Combat


You had 3 spell levels left.
You didn't know any spells.
Your spell library contained the following spells:

 Spells                   Type           Power      Damage    Failure   Level
 Ozocubu's Armour         Ice            0%         N/A       71%         3
 Metabolic Englaciation   Hex/Ice        0%         N/A       100%        5
 Simulacrum               Ice/Necr       0%         N/A       100%        6


Dungeon Overview and Level Annotations

Branches:
Dungeon (4/15)
 Temple: D:4-7

Altars:

Shops:
D:3 *

Annotations:
D:2 Sigmund


Innate Abilities, Weirdness & Mutations

Your plain brown scales are hard. (AC +5)
You cannot fit into any form of body armour.
You are cold-blooded and may be slowed by cold attacks.


Message History

You are too injured to fight recklessly!
You are too injured to fight recklessly!
You are too injured to fight recklessly!
The orc misses you.
You climb upwards.
There is a stone staircase leading down here.
You barely miss the orc.
Your tail-slap misses the orc.
The orc hits you but does no damage.
You feel drained.
You closely miss the orc. The orc misses you.
You closely miss the orc. The orc barely misses you.
You barely miss the orc. Your punch misses the orc.
The orc hits you but does no damage.
You feel drained.
You hit the orc. You tail-slap the orc.
The orc is heavily wounded.
The orc hits you with a +2 flail of draining.
You feel drained.
You hit the orc but do no damage.
The orc is heavily wounded.
The orc barely misses you.
You barely miss the orc.
You tail-slap the orc, but do no damage.
The orc is heavily wounded.
The orc hits you but does no damage.
You feel drained.
You hit the orc but do no damage.
The orc is heavily wounded.
You closely miss the orc.
The orc is heavily wounded.
The orc hits you with a +2 flail of draining.
* * * LOW HITPOINT WARNING * * *
You feel drained.
* * * LOW HITPOINT WARNING * * *
You closely miss the orc.
The orc is heavily wounded.
The orc closely misses you.
You hit the orc.
The orc is almost dead.
The orc hits you with a +2 flail of draining!
* * * LOW HITPOINT WARNING * * *
You feel drained.
You die...

........................#........
........................##'#....#
........................##.#....#
...................∩....##.#....#
........................##.+....'
........................####....#
........................#####'#..
................o.............#.#
................@[...########.#.#
.................#.........##.#.#
.................#.........##.#.#
.................#.........##.#.#
.................#.........##.#.#
.................#.........##.#.#
.................#.........##.#.#
########.####..######......'..#.#
#.# #..# #......####.#


You could see an orc.

Vanquished Creatures
  3 adders
  2 worms (D:3)
  2 dart slugs (D:1)
  3 orcs
  2 endoplasms (D:2)
  3 giant cockroaches
  6 goblins
  5 hobgoblins
  3 jackals (D:2)
  5 kobolds
  4 quokkas
  4 ball pythons
  5 bats
  3 frilled lizards (D:1)
  6 rats
56 creatures vanquished.

Notes
Turn   | Place    | Note
-------+----------+-------------------------------------------
     0 | D:1      | pkoi the Draconian Monk began the quest for the Orb.
     0 | D:1      | Reached XP level 1. HP: 19/19 MP: 1/1
   355 | D:1      | Reached XP level 2. HP: 26/26 MP: 2/2
   583 | D:1      | Reached skill level 4 in Unarmed Combat
  1048 | D:2      | Reached XP level 3. HP: 17/31 MP: 3/3
  1474 | D:2      | Found a faded altar of an unknown god.
  1514 | D:2      | Noticed Sigmund
  2056 | D:3      | Reached XP level 4. HP: 38/38 MP: 4/4
  2102 | D:3      | Reached skill level 5 in Unarmed Combat
  2189 | D:3      | Found Erghaxt's Assorted Antiques.
  3009 | D:3      | Slain by an orc

Illustrated notes

Levels and vault maps discovered:
D:1:      lemuel_arrival_tunnels, layout_rooms, chequers_jeans
D:2:      layout_basic, hellmonk_ecumenical_altar_crossroads,
          grunt_ministairs_4, uniq_sigmund
D:3:      layout_basic, serial_shops, shop
D:4:      layout_basic, nicolae_uskayaw_dance_hall, kiku_gazebo_pond_becter,
          minmay_temple_entry_sparse_star, nrook_uturn, minmay_ogre_servants,
          uniq_natasha

Skill      XL: |  1  2  3  4 |
---------------+-------------+-----
Unarmed Combat | 4 5 |  5.3
Fighting       | |  3.2
Dodging        | |  2.6
Stealth        | |  1.7

Action                   |  1- 3 |  4- 6 || total
-------------------------+-------+-------++-------
Melee: Unarmed           |   112 |    70 ||   182
       Punch             |     4 |     2 ||     6
       Tailslap          |    11 |    12 ||    23
 Stab: Sleeping          |     7 |     2 ||     9
Armor: Skin              |    32 |    29 ||    61
Dodge: Dodged            |    68 |    54 ||   122
